 Dungeon Crawl Stone Soup version 0.18.1-8-gdd0e5ea (webtiles) character file.

4067 nikopol the Spear-Bearer (level 10, -12/132 HPs)
             Began as a Minotaur Berserker on May 29, 2016.
             Was a High Priest of Trog.
             Splashed by an orc warrior's acid (16 damage)
             ... on level 8 of the Dungeon.
             The game lasted 00:13:50 (6681 turns).

nikopol the Spear-Bearer (Minotaur Berserker)       Turns: 6681, Time: 00:13:50

Health: -12/132    AC: -3    Str: 27    XL:     10   Next: 5%
Magic:  9/9        EV: 14    Int:  4    God:    Trog [*****.]
Gold:   290        SH:  0    Dex: 15    Spells: 0 memorised, 9 levels left

rFire  . . .     SeeInvis .     o - +1 trident "Beetleslayer" {flame, Dex+2} (curse)
rCold  . . .     Gourm    .     f - +0 scale mail
rNeg   . . .     Faith    .     (no shield)
rPois  .         Spirit   .     (helmet restricted)
rElec  .         Dismiss  .     (no cloak)
rCorr  .         Reflect  .     (no gloves)
SustAt .         Harm     .     (no boots)
MR     .....                    (no amulet)
Stlth  ..........               (no ring)
                                (no ring)

@: berserking, corroded, very quick, not resistant to hostile enchantments,
extremely unstealthy
A: retaliatory headbutt, horns 2
a: Berserk, Trog's Hand, Brothers in Arms, Burn Spellbooks, Renounce Religion


You were on level 8 of the Dungeon.
You worshipped Trog.
Trog was extremely pleased with you.
You were not hungry.

You visited 1 branch of the dungeon, and saw 8 of its levels.

You collected 480 gold pieces.
You spent 190 gold pieces at shops.

Inventory:

Hand Weapons
 a - a +1 spear
 o - the cursed +1 trident "Beetleslayer" (weapon) {flame, Dex+2}
   (You found it on level 5 of the Dungeon)

   It has been specially enchanted to burn those struck by it, causing extra
   injury to most foes and up to half again as much damage against particularly
   susceptible opponents.
   It affects your dexterity (+2).
   It has a curse placed upon it.
Missiles
 u - 11 tomahawks (quivered)
 A - 5 javelins of returning
Armour
 b - a +0 animal skin
 f - a +0 scale mail (worn)
Jewellery
 w - an uncursed ring of protection from cold {unknown}
 B - a cursed -3 ring of protection {unknown}
Wands
 s - a wand of slowing (29/48)
 v - a wand of polymorph (15/24)
 y - a wand of disintegration (10/24)
 z - a wand of confusion (18/48)
Scrolls
 d - 3 scrolls of noise
 j - 3 scrolls of enchant weapon
 m - 2 scrolls of identify
 q - 3 scrolls of teleportation
 C - a scroll of random uselessness {unknown}
 F - a scroll of amnesia {unknown}
 G - a scroll of fear {unknown}
 H - a scroll of recharging {unknown}
Potions
 e - a potion of cure mutation {unknown}
 g - 2 potions of flight {unknown}
 h - 2 potions of lignification {unknown}
 k - 3 potions of curing
 l - 2 potions of heal wounds {unknown}
 n - a potion of might {unknown}
 p - a potion of invisibility {unknown}
 r - 2 potions of degeneration {unknown}
 t - a potion of mutation {unknown}
Comestibles
 c - 10 bread rations
 i - 4 beef jerkies
 x - 14 fruits
 D - a chunk of flesh
 E - 7 slices of pizza


   Skills:
 + Level 8.1 Fighting
 * Level 10.3 Polearms
 + Level 5.5 Throwing
 + Level 7.9 Armour
 + Level 7.0 Dodging


You had 9 spell levels left.
You didn't know any spells.

Dungeon Overview and Level Annotations

Branches:
Dungeon (8/15)             Temple (0/1) D:5
   Lair: D:8-11

Altars:
Cheibriados
Fedhas
Kikubaaqudgha
Makhleb
Okawaru
Yredelemnul
Zin

Shops:
D:5 %}[*[


Innate Abilities, Weirdness & Mutations

You reflexively headbutt those who attack you in melee.
You have a pair of horns on your head.


Message History

The orc warrior is almost dead.
The orc warrior zaps a wand.
The bolt of acid hits you! The acid corrodes you!
The acid burns!
* * * LOW HITPOINT WARNING * * *
An orc comes into view. It is wielding a flail.
You are too injured to fight recklessly!
The orc shouts!
You hit the orc warrior but do no damage.
Your headbutt misses the orc warrior.
The orc warrior is almost dead.
The orc warrior barely misses you.
You hit the orc warrior but do no damage.
The orc warrior is almost dead.
A red film seems to cover your vision as you go berserk!
You feel yourself moving faster!
You feel mighty!
You feel somewhat more hungry.
The orc warrior zaps a wand.
The bolt of acid hits you!
* * * LOW HITPOINT WARNING * * *
The acid burns!
You die...

.. ###...........
#.####...##..#####.# .#:#
#....#...##))#.....# ....
#.#....##.#.# ..#.#
#....#.#.....#.# ...?.
#.####.......#..........
.. #.o...#.(######..#
...[..#....(.(..()...##..
...#######@..............
o..
......o..........##... ..
#########........# .
..?......>.# #....#...#.#
#.......##...
#...##......... ....
..........


You could see an orc warrior and an orc.

Vanquished Creatures
  The ghost of kak the Skirmisher, an amateur HOAK of Lugonu (D:4)
  A slime creature (D:6)
  Grinder (D:5)
  A yak (D:7)
  A human (D:7)
  A hungry ghost (D:8)
  A water moccasin (D:6)
  An ice beast (D:5)
  2 sky beasts (D:5)
  A phantom (D:6)
  6 ogres
  The ghost of kak the Skirmisher, an amateur DsAK of Lugonu (D:5)
  3 centaurs
  A crocodile (D:8)
  2 giant frogs (D:6)
  2 scorpions
  A howler monkey (D:4)
  5 crimson imps
  A centaur zombie (D:5)
  9 jellies
  2 orc priests
  5 hounds
  5 orc wizards
  7 worker ants
  3 sheep (D:7)
  A hound skeleton (D:6)
  2 worker ant zombies
  8 gnolls
  A howler monkey skeleton (D:6)
  6 adders
  14 oozes (D:6)
  2 adder zombies (D:6)
  2 adder skeletons
  3 worms
  3 dart slugs
  5 giant geckos
  25 orcs
  7 bats
  2 giant cockroaches (D:4)
  8 goblins
  5 hobgoblins
  2 jackals (D:6)
  9 kobolds
  6 quokkas
  2 ball pythons (D:2)
  12 giant newts
  A quokka skeleton (D:7)
  3 rats
193 creatures vanquished.

Vanquished Creatures (others)
  4 fungi (D:6)
4 creatures vanquished.

Grand Total: 197 creatures vanquished

Notes
Turn   | Place    | Note
--------------------------------------------------------------
     0 | D:1      | nikopol the Minotaur Berserker began the quest for the Orb.
     0 | D:1      | Reached XP level 1. HP: 19/19 MP: 0/0
   199 | D:1      | Reached XP level 2. HP: 27/27 MP: 1/1
   437 | D:1      | Reached XP level 3. HP: 25/33 MP: 2/2
   437 | D:1      | Reached ** piety under Trog
   670 | D:2      | Reached skill level 4 in Polearms
   689 | D:2      | Reached XP level 4. HP: 18/41 MP: 3/3
  1453 | D:2      | Found a burning altar of Makhleb.
  1599 | D:2      | Reached skill level 5 in Fighting
  1788 | D:3      | Found an iron altar of Okawaru.
  1823 | D:3      | Reached XP level 5. HP: 43/48 MP: 4/4
  1929 | D:3      | Reached *** piety under Trog
  2441 | D:4      | Noticed an ogre
  2451 | D:4      | Killed an ogre
  2782 | D:4      | Reached skill level 5 in Polearms
  2782 | D:4      | Reached XP level 6. HP: 44/56 MP: 5/5
  2826 | D:4      | Reached skill level 1 in Throwing
  2869 | D:4      | Noticed kak's ghost (amateur HOAK)
  2891 | D:4      | Killed kak's ghost
  2891 | D:4      | Reached skill level 5 in Armour
  2891 | D:4      | Reached XP level 7. HP: 48/62 MP: 6/6
  3149 | D:4      | Reached skill level 6 in Polearms
  3263 | D:5      | Entered Level 5 of the Dungeon
  3263 | D:5      | Found Qepnaoj's Antique Armour Boutique.
  3263 | D:5      | Noticed Grinder
  3289 | D:5      | Killed Grinder
  3378 | D:5      | Bought a spiked cloak for 190 gold pieces
  3384 | D:5      | Identified the cursed -3 cloak of Quihodepn {*Confuse rF+++ rC- Dex+6} (You bought it in a shop on level 5 of the Dungeon)
  3433 | D:5      | Got a slimy trident
  3434 | D:5      | Identified the cursed +1 trident "Beetleslayer" {flame, Dex+2} (You found it on level 5 of the Dungeon)
  3522 | D:5      | Found Garef's Armour Shop.
  3556 | D:5      | Found a staircase to the Ecumenical Temple.
  3575 | D:5      | Found a basalt altar of Yredelemnul.
  3575 | D:5      | Found an ancient bone altar of Kikubaaqudgha.
  3677 | D:5      | Reached XP level 8. HP: 70/70 MP: 7/7
  3689 | D:5      | Found Fiydaddy's Food Shoppe.
  3693 | D:5      | Reached **** piety under Trog
  3699 | D:5      | Reached skill level 7 in Polearms
  3802 | D:5      | Noticed kak's ghost (amateur DsAK)
  3807 | D:5      | Killed kak's ghost
  3807 | D:5      | Reached skill level 5 in Dodging
  3848 | D:5      | Found Olohamno's Gadget Shoppe.
  3896 | D:5      | Found Estel's Assorted Antiques.
  4335 | D:6      | Reached skill level 8 in Polearms
  4478 | D:6      | Noticed a slime creature
  4492 | D:6      | Killed a slime creature
  4493 | D:6      | Received a gift from Trog
  4493 | D:6      | Reached XP level 9. HP: 71/79 MP: 8/8
  4770 | D:6      | Reached skill level 9 in Polearms
  4987 | D:6      | Found a blossoming altar of Fedhas.
  4996 | D:6      | Found a snail-covered altar of Cheibriados.
  5171 | D:6      | Found a glowing silver altar of Zin.
  5295 | D:7      | Reached skill level 5 in Throwing
  5683 | D:7      | Reached ***** piety under Trog
  5844 | D:7      | Reached skill level 10 in Polearms
  6431 | D:8      | Reached XP level 10. HP: 88/88 MP: 9/9
  6681 | D:8      | HP: 4/132 [orc warrior/wand of acid (26)]
  6681 | D:8      | Splashed by an orc warrior's acid

Skill      XL: |  1  2  3  4  5  6  7  8  9 10 |
---------------+-------------------------------+-----
Fighting       | 4 5 6 7 8 |  8.1
Armour         | 3 4 5 6 7 |  7.9
Polearms       | 4 5 6 8 10 | 10.3
Dodging        | 3 4 5 6 7 |  7.0
Throwing       | 2 4 5 |  5.5

Action                   |  1- 3 |  4- 6 |  7- 9 | 10-12 || total
-------------------------+-------+-------+-------+-------++-------
Melee: Spear             |    75 |   164 |    42 |       ||   281
       Headbutt          |     7 |    21 |    59 |     5 ||    92
       Trident           |       |       |   262 |    29 ||   291
Throw: Tomahawk          |       |       |    20 |       ||    20
Invok: Berserk           |     1 |     3 |     2 |     2 ||     8
       Burn Spellbooks   |       |     1 |     1 |       ||     2
  Use: Scroll            |       |       |     6 |       ||     6
 Stab: Sleeping          |     1 |       |       |       ||     1
       Distracted        |       |     1 |       |       ||     1
  Eat: Chunk             |       |     9 |    17 |     2 ||    28
Armor: Animal skin       |     1 |       |       |       ||     1
       Scale mail        |    12 |    39 |    60 |    11 ||   122
Dodge: Dodged            |    26 |    48 |    88 |    23 ||   185
